 Dungeon Crawl Stone Soup version 0.29.1-15-g9cfb28693d (webtiles) character file.

Game seed: 1444374451037637241

33732 Ralidor the Impaler (level 13, -3/177 HPs)
             Began as a Minotaur Berserker on Apr 10, 2023.
             Was an Elder of Trog.
             Slain by a redback (12 damage)
             ... on level 1 of the Spider Nest.
             The game lasted 01:43:52 (19301 turns).

Ralidor the Impaler (Minotaur Berserker)           Turns: 19301, Time: 01:43:53

Health: -3/177     AC: 23    Str: 27    XL:     13   Next: 38%
Magic:  12/12      EV: 10    Int:  4    God:    Trog [****..]
Gold:   1277       SH:  0    Dex: 10    Spells: 12/12 levels left

rFire   . . .      SeeInvis +   C - +4 halberd (venom)
rCold   . . .      Faith    .   (shield currently unavailable)
rNeg    . . .      Spirit   .   q - +5 chain mail {Will+}
rPois   .          Reflect  .   (helmet restricted)
rElec   .          Harm     .   l - +0 cloak
rCorr   .          Rampage  .   j - +0 pair of gloves
Will    +++..                   n - +0 pair of boots
Stlth   ..........              (no amulet)
HPRegen 1.39/turn               t - ring of see invisible
MPRegen 0.13/turn               s - +4 ring of slaying

@: berserking, strong-willed, regenerating, studying Shields, very quick
A: horns 2, retaliatory headbutt
a: Renounce Religion, Berserk, Trog's Hand, Brothers in Arms


You were on level 1 of the Spider Nest.
You worshipped Trog.
Trog was greatly pleased with you.
You visited 4 branches of the dungeon, and saw 16 of its levels.

You collected 1277 gold pieces.

Inventory:

Hand Weapons
 p - a +1 longbow of flaming
 A - a +4 flail of protection
 C - a +4 halberd of venom (weapon)
Armour
 j - a +0 pair of gloves (worn)
 l - a +0 cloak (worn)
 n - a +0 pair of boots (worn)
 o - an orb of guile
 q - a +5 chain mail of willpower (worn)
Jewellery
 b - an amulet of magic regeneration
 e - a ring of protection from cold
 s - a +4 ring of slaying (right hand)
 t - a ring of see invisible (left hand)
 E - the amulet "Uvvonk" {Acrobat rElec Regen+ rCorr Int-4 SInv}
   (You took it off a centaur on level 8 of the Dungeon)

   [amulet of the acrobat]

   It increases your evasion while moving and waiting.
   Int:       It affects your intelligence (-4).
   rElec:     It insulates you from electricity.
   SInv:      It lets you see invisible.
   Regen:     It increases your rate of health regeneration.
   rCorr:     It protects you from acid and corrosion.
 I - a ring of willpower
Wands
 m - a wand of roots (8)
 u - a wand of charming (14)
 y - a wand of digging (8)
 F - a wand of quicksilver (13)
Scrolls
 a - a scroll of blinking
 g - a scroll of butterflies
 k - 2 scrolls of torment
 r - 4 scrolls of teleportation
 v - 2 scrolls of poison
 z - 2 scrolls of amnesia
 B - a scroll of summoning
 J - 2 scrolls of identify
 K - a scroll of magic mapping
 L - a scroll of fear
 M - a scroll of vulnerability
Potions
 c - a potion of heal wounds
 d - 4 potions of haste
 f - 2 potions of lignification
 h - a potion of mutation
 i - a potion of attraction
 w - a potion of brilliance
 x - a potion of curing
 D - 5 potions of ambrosia
 G - a potion of might
Miscellaneous
 H - a piece from Xom's chessboard (15/15)


   Skills:
 + Level 12.1 Fighting
 + Level 5.6(9.1) Maces & Flails
 + Level 15.0(16.4) Polearms
 + Level 11.2(15.0) Staves
 + Level 14.9 Armour
 + Level 5.1 Dodging
 + Level 2.9 Stealth


You had 12 spell levels left.
You didn't know any spells.
Your spell library contained the following spells:

 Spells                   Type           Power      Damage    Failure   Level
 Sandblast                Erth           0%         2d4       91%         1
 Passwall                 Tmut/Erth      0%         N/A       97%         2
 Call Canine Familiar     Summ           0%         N/A       99%         3
 Dazzling Flash           Conj/Hex       0%         N/A       99%         3
 Portal Projectile        Hex/Tloc       0%         N/A       99%         3
 Stone Arrow              Conj/Erth      0%         3d7       99%         3
 Leda's Liquefaction      Hex/Erth       0%         N/A       100%        4
 Agony                    Necr           0%         N/A       100%        5
 Silence                  Hex/Air        0%         N/A       100%        5
 Summon Forest            Summ/Tloc      0%         N/A       100%        5
 Eringya's Noxious Bog    Tmut/Pois      0%         N/A       100%        6
 Summon Hydra             Summ           0%         N/A       100%        7


Dungeon Overview and Level Annotations

Branches:
Dungeon (11/15)            Temple (0/1) D:6            Lair (3/5) D:11
  Swamp (0/4) Lair:2       Spider (1/4) Lair:3          Orc (1/2) D:11

Altars:
Ashenzari
Cheibriados
Dithmenos
Elyvilon
Fedhas
Hepliaklqana
Kikubaaqudgha
Makhleb
Sif Muna
Trog
Vehumet
Wu Jian
Xom
Zin

Shops:
D:4 ?

Annotations:
Orc:1 2 transporters


Innate Abilities, Weirdness & Mutations

You have a pair of horns on your head.
You reflexively headbutt those who attack you in melee.


Message History

The wolf spider hits you!
* * * LOW HITPOINT WARNING * * *
The wolf spider bites you.
* * * LOW HITPOINT WARNING * * *
The wolf spider is healed somewhat.
The redback bites you but does no damage.
A redback comes into view.
The wolf spider hits you but does no damage.
The wolf spider bites you but does no damage.
The culicivora barely misses you. The redback bites you!
* * * LOW HITPOINT WARNING * * *
You slice the wolf spider!!
The wolf spider looks as sick as possible!
The wolf spider is almost dead.
A tarantella comes into view.
The tarantella's many legs skitter faintly.
You slice the wolf spider!!
You kill the wolf spider!
Trog accepts your kill.
You hear a faint skittering sound.
The culicivora bites you but does no damage.
The redback bites you but does no damage.
You slash the culicivora!
The culicivora is poisoned.
Your headbutt misses the culicivora.
The culicivora is moderately wounded.
The culicivora bites you but does no damage.
You hit the culicivora. Your headbutt misses the culicivora.
The culicivora is heavily wounded.
You closely miss the culicivora. You headbutt the culicivora!
The culicivora is almost dead.
The redback's wounds heal themselves!
You slice the redback!!
The redback looks as sick as possible!
The redback is severely wounded.
You kill the redback!
Trog accepts your kill.
A redback comes into view.
You impale the redback!!
The redback is severely wounded.
The redback bites you!
You die...

#.....##...........
#.....#......^....#
#.....#.....#######
#.....#...†##.#...#.
###.................
# ##................
#. #........^##^....
#. #..........# ....
. #..#@s....##### .
...#..#.s...##
.s..s.s†...##..
.....s.........
..s............
...............
..s............
...............
#...).........#


You could see a wolf spider, a culicivora (very poisoned) and 3 redbacks.

Vanquished Creatures
  An emperor scorpion (Lair:3)
  An entropy weaver (Lair:3)
  4 hydras
  A boulder beetle (Lair:2)
  Erica (D:11)
  Pikel (D:5)
  A lindwurm (Lair:2)
  3 wolf spiders (Spider:1)
  An orc sorcerer (Orc:1)
  A moth of wrath (Lair:3)
  5 black mambas
  3 gargoyles
  4 cane toads
  Joseph (D:7)
  A rime drake (Lair:1)
  3 demonic crawlers
  8 komodo dragons
  An unseen horror (D:11)
  3 trolls
  A polar bear (Lair:2)
  4 tarantellas (Spider:1)
  6 dream sheep (Lair:2)
  A jumping spider (Spider:1)
  12 blink frogs
  5 culicivoras (Spider:1)
  5 wyverns
  23 yaks
  A shadow (D:9)
  6 basilisks
  A steam dragon (D:8)
  Menkaure (D:7)
  5 redbacks
  A warg (Orc:1)
  2 acid dragons
  Duvessa (D:5)
  6 water moccasins
  8 black bears
  7 orc warriors
  An ice beast (D:6)
  A sky beast (D:8)
  4 wolves (Lair:2)
  4 centaurs
  2 lemures (D:5)
  A kobold brigand (D:8)
  4 necrophages
  4 scorpions (Lair:3)
  9 bullfrogs
  11 wights
  Dowan (D:5)
  18 killer bees
  5 howler monkeys
  An electric eel (Lair:3)
  A hound (D:5)
  A jelly (D:5)
  3 orc priests
  Crazy Yiuf (D:2)
  2 gnoll boudas (D:8)
  Jessica (D:3)
  Ijyb (D:3)
  Terence (D:3)
  3 iguanas
  6 orc wizards
  7 gnolls (D:8)
  9 adders
  A shadow imp (D:4)
  An ufetubus (D:6)
  4 worms
  3 dart slugs
  30 orcs
  9 bats
  7 endoplasms
  6 giant cockroaches
  10 goblins
  6 hobgoblins
  9 quokkas
  7 ball pythons
  6 frilled lizards
  14 kobolds
  8 rats
363 creatures vanquished.

Vanquished Creatures (others)
  17 fungi
  20 plants
37 creatures vanquished.

Grand Total: 400 creatures vanquished

Notes
Turn   | Place    | Note
-------+----------+-------------------------------------------
     0 | D:1      | Ralidor the Minotaur Berserker began the quest for the Orb.
     0 | D:1      | Reached XP level 1. HP: 19/19 MP: 0/0
   182 | D:1      | Reached XP level 2. HP: 27/27 MP: 1/1
   828 | D:1      | Found a faded altar of an unknown god.
  1065 | D:2      | Reached XP level 3. HP: 33/33 MP: 2/2
  1089 | D:2      | Reached ** piety under Trog
  1582 | D:2      | Found a runed translucent door.
  1583 | D:2      | Noticed Crazy Yiuf
  1669 | D:2      | Killed Crazy Yiuf
  1670 | D:2      | Reached XP level 4. HP: 41/41 MP: 3/3
  1791 | D:3      | Noticed Terence
  1797 | D:3      | Killed Terence
  1798 | D:3      | Reached skill level 5 in Maces & Flails
  1864 | D:3      | Reached XP level 5. HP: 46/47 MP: 4/4
  1966 | D:3      | Noticed Jessica
  1980 | D:3      | Killed Jessica
  1981 | D:3      | Reached skill level 1 in Staves
  2130 | D:3      | Noticed a black bear
  2137 | D:3      | Killed a black bear
  2143 | D:3      | Reached XP level 6. HP: 55/55 MP: 5/5
  2213 | D:3      | Found a burning altar of Makhleb.
  2213 | D:3      | Found a glowing silver altar of Zin.
  2214 | D:3      | Noticed an angel
  2214 | D:3      | Noticed an Executioner
  2264 | D:3      | Noticed Ijyb
  2276 | D:3      | Killed Ijyb
  2659 | D:3      | Found a blossoming altar of Fedhas.
  2661 | D:3      | Found a glowing silver altar of Zin.
  2661 | D:3      | Found a hazy altar of Hepliaklqana.
  2663 | D:3      | Found a shimmering altar of Xom.
  2663 | D:3      | Found a radiant altar of Vehumet.
  2663 | D:3      | Found an ornate altar of the Wu Jian Council.
  2736 | D:4      | Reached skill level 5 in Fighting
  2983 | D:4      | Found Merucakh's Magic Scroll Boutique.
  3223 | D:4      | Reached XP level 7. HP: 61/61 MP: 6/6
  4249 | D:5      | Entered Level 5 of the Dungeon
  4263 | D:5      | Reached skill level 5 in Staves
  4263 | D:5      | Reached skill level 5 in Armour
  4619 | D:5      | Reached *** piety under Trog
  4633 | D:5      | Noticed Pikel
  4645 | D:5      | Killed Pikel
  4646 | D:5      | Reached skill level 1 in Stealth
  4646 | D:5      | Reached XP level 8. HP: 70/70 MP: 7/7
  4835 | D:5      | Noticed Duvessa
  4835 | D:5      | Noticed Dowan
  4842 | D:5      | Killed Duvessa
  4843 | D:5      | Killed Dowan
  5518 | D:6      | Reached XP level 9. HP: 78/78 MP: 8/8
  5608 | D:6      | Found a staircase to the Ecumenical Temple.
  5891 | D:7      | Found a shimmering blue altar of Sif Muna.
  5965 | D:7      | Reached skill level 10 in Staves
  5982 | D:7      | Found an ancient bone altar of Kikubaaqudgha.
  6383 | D:7      | Found a white marble altar of Elyvilon.
  6391 | D:7      | Noticed Menkaure
  6410 | D:7      | Killed Menkaure
  6540 | D:7      | Found a blossoming altar of Fedhas.
  6545 | D:7      | Found a radiant altar of Vehumet.
  6545 | D:7      | Found a bloodstained altar of Trog.
  6550 | D:7      | Found a shadowy altar of Dithmenos.
  6616 | D:7      | Noticed Joseph
  6630 | D:7      | Killed Joseph
  7482 | D:8      | Noticed a gargoyle
  7492 | D:8      | Killed a gargoyle
  7788 | D:8      | Reached skill level 1 in Polearms
  7788 | D:8      | Reached XP level 10. HP: 88/88 MP: 9/9
  7819 | D:8      | Reached skill level 2 in Polearms
  8136 | D:8      | Reached skill level 3 in Polearms
  8306 | D:8      | Found an ornate altar of the Wu Jian Council.
  8335 | D:8      | Identified the amulet "Uvvonk" {Acrobat rElec Regen+ rCorr
                  | Int-4 SInv}
  8525 | D:9      | Reached skill level 4 in Polearms
  8568 | D:9      | Reached skill level 5 in Polearms
  8579 | D:9      | Reached skill level 6 in Polearms
  8890 | D:9      | Found a snail-covered altar of Cheibriados.
  8966 | D:9      | Reached skill level 7 in Polearms
  9005 | D:9      | Found a broken altar of Ashenzari.
  9031 | D:9      | Reached skill level 10 in Armour
  9031 | D:9      | Reached **** piety under Trog
  9778 | D:9      | Found a faded altar of an unknown god.
  9779 | D:9      | Found a faded altar of an unknown god.
  9779 | D:9      | Found a faded altar of an unknown god.
  9780 | D:9      | Found a hazy altar of Hepliaklqana.
  9841 | D:10     | Entered Level 10 of the Dungeon
  9849 | D:10     | Reached skill level 8 in Polearms
 10067 | D:10     | Reached XP level 11. HP: 95/95 MP: 10/10
 10377 | D:10     | Lost intelligence.
 11570 | D:11     | Noticed a six-headed hydra
 11597 | D:11     | Killed a nine-headed hydra
 11598 | D:11     | Reached skill level 9 in Polearms
 11967 | D:11     | Found a staircase to the Lair.
 12298 | D:11     | Found a staircase to the Orcish Mines.
 12423 | D:11     | Noticed Erica
 12435 | D:11     | Killed Erica
 12557 | D:11     | Reached skill level 10 in Polearms
 13011 | Orc:1    | Entered Level 1 of the Orcish Mines
 13191 | Orc:1    | Noticed an orc sorcerer
 13197 | Orc:1    | Killed an orc sorcerer
 13387 | Orc:1    | Noticed an orc warlord
 13387 | Orc:1    | Noticed an orc high priest
 13388 | Orc:1    | Noticed a two-headed ogre
 13399 | Orc:1    | Noticed an orc sorcerer
 13611 | Orc:1    | Found a transporter.
 13613 | Orc:1    | Found a transporter.
 13724 | Lair:1   | Entered Level 1 of the Lair of Beasts
 13746 | Lair:1   | Reached skill level 10 in Fighting
 13954 | Lair:1   | Reached skill level 11 in Polearms
 14352 | Lair:1   | Noticed a six-headed hydra
 14360 | Lair:1   | Killed a nine-headed hydra
 14361 | Lair:1   | Reached XP level 12. HP: 103/107 MP: 11/11
 15055 | Lair:2   | Reached skill level 12 in Polearms
 15280 | Lair:2   | Found a staircase to the Swamp.
 15619 | Lair:2   | Noticed a seven-headed hydra
 15627 | Lair:2   | Killed a ten-headed hydra
 16128 | Lair:2   | Noticed a boulder beetle
 16142 | Lair:2   | Killed a boulder beetle
 16368 | Lair:2   | Reached skill level 13 in Polearms
 17352 | Lair:3   | Noticed a six-headed hydra
 17359 | Lair:3   | Killed a nine-headed hydra
 17360 | Lair:3   | Reached skill level 14 in Polearms
 17400 | Lair:3   | Found a hole to the Spider Nest.
 17411 | Lair:3   | Reached skill level 5 in Dodging
 17425 | Lair:3   | Reached XP level 13. HP: 116/116 MP: 12/12
 18195 | Spider:1 | Entered Level 1 of the Spider Nest
 18195 | Spider:1 | Noticed an emperor scorpion
 18232 | Lair:3   | Killed an emperor scorpion
 18658 | Spider:1 | HP: 7/175 [culicivora (11)]
 18664 | Spider:1 | HP: 6/175 [culicivora (5)]
 18669 | Spider:1 | Noticed an entropy weaver
 19062 | Lair:3   | Killed an entropy weaver
 19286 | Spider:1 | Reached skill level 15 in Polearms
 19293 | Spider:1 | HP: 4/177 [redback (11)]
 19301 | Spider:1 | Slain by a redback

Illustrated notes

Levels and vault maps discovered:
D:1:      minmay_arrival_jagged, layout_loops_corners,
          hellmonk_ecumenical_altar_pennies_from_heaven
D:2:      layout_basic, st_stairs_1, uniq_crazy_yiuf_cottage
D:3:      layout_rooms, grunt_temple_overflow_order_and_chaos_2,
          doesnt_xom_only_xom, uniq_terence, uniq_ijyb, uniq_jessica
D:4:      minmay_clustersquares, layout_layer_cave, serial_shops,
          nicolae_shop_competitors_out_of_business
D:5:      layout_loops_ring, uniq_duvessa, uniq_pikel
D:6:      layout_loops_ring, temple_statues, portal_sewer_entry_d,
          minmay_fractal_squares_gapless_5
D:7:      layout_loops_ring, lemuel_doored_altar, amcnicky_altar_gilded,
          elyvilon_altar_1, minitemple, uniq_joseph, uniq_menkaure
D:8:      layout_rooms, nicolae_wu_jian_immortal_techniques
D:9:      layout_irregular_city, nicolae_hepliaklqana_ecumenical_no_more,
          overflow_temple_1_default, mainiacjoe_overflow_boulevard,
          kennysheep_generic_room_10
D:10:     layout_basic, enter_bailey_4, nicolae_wwwww
D:11:     layout_loops_ring, lair_entry_dummy, orc_0_dummy, uniq_erica
Lair:1:   layout_roguey, chequers_serial_rivers_micro_e, serial_bayou_pond_b
Lair:2:   layout_chaotic_city, swamp_mist
Lair:3:   layout_cave_pods, nicolae_spider_entry_non_spiders,
          grunt_megastairs_5, serial_bayou_shore_b, serial_bayou_shore_a
Spider:1: layout_spider_delve
Orc:1:    gammafunk_beogh_shrine, layout_caves

Skill      XL: |  1  2  3  4  5  6  7  8  9 10 11 12 13 |
---------------+----------------------------------------+-----
Fighting       | 4 5 6 7 8 10 11 12 | 12.1
Maces & Flails | 4 5 |  5.6
Armour         | 3 4 6 7 9 10 12 14 | 14.9
Staves         | 2 3 7 9 11 | 11.2
Dodging        | 3 4 5 |  5.1
Stealth        | 1 2 |  2.9
Polearms       | 1 8 11 14 15 | 15.0

Action                   |  1- 3 |  4- 6 |  7- 9 | 10-12 | 13-15 || total
-------------------------+-------+-------+-------+-------+-------++-------
Melee: Mace              |    79 |       |       |       |       ||    79
       Headbutt          |    12 |     9 |    30 |    89 |    17 ||   157
       Quarterstaff      |       |    87 |   128 |       |       ||   215
       Halberd           |       |       |    15 |   432 |   107 ||   554
Invok: Berserk           |     2 |     3 |    11 |    24 |     3 ||    43
       Trog's Hand       |       |       |       |     2 |     3 ||     5
  Use: Scroll            |     7 |     1 |     5 |    18 |       ||    31
       Potion            |       |       |     1 |     2 |     5 ||     8
Armor: Animal skin       |     5 |       |       |       |       ||     5
       Ring mail         |    34 |     3 |       |       |       ||    37
       Scale mail        |       |    25 |     5 |       |       ||    30
       Chain mail        |       |       |    72 |   218 |   101 ||   391
Dodge: Dodged            |    73 |    31 |    61 |   203 |    64 ||   432
